 Dungeon Crawl Stone Soup version 0.21.1-1-g345015f (webtiles) character file.

40 Kairos the Skirmisher (level 3, 29/29 HPs)
             Began as a Demonspawn Fighter on Apr 24, 2018.
             Got out of the dungeon alive.
             The game lasted 00:01:06 (1116 turns).

Kairos the Skirmisher (Demonspawn Fighter)          Turns: 1116, Time: 00:01:07

Health: 29/29      AC:  5    Str: 17    XL:     3   Next: 30%
Magic:  3/3        EV:  7    Int:  9    God:
Gold:   30         SH:  9    Dex: 14    Spells: 2/2 levels left

rFire    . . .     SeeInvis .   a - +0 war axe
rCold    . . .     Gourm    .   c - +0 shield
rNeg     . . .     Faith    .   i - -1 scale mail (curse)
rPois    .         Spirit   +   (no helmet)
rElec    .         Reflect  .   (no cloak)
rCorr    .         Harm     .   (no gloves)
MR       .....                  (no boots)
Stlth    +.........             (no amulet)
HPRegen  0.09/turn              (no ring)
MPRegen  0.08/turn              (no ring)

@: no status effects
A: thin skeletal structure 1, magic shield
a: no special abilities


You escaped.
You were hungry.

You visited 1 branch of the dungeon, and saw 1 of its levels.

You collected 30 gold pieces.

Inventory:

Hand Weapons
 a - a +0 war axe (weapon)
Armour
 b - a +0 scale mail
 c - a +0 shield (worn)
 i - a cursed -1 scale mail (worn)
Scrolls
 g - a scroll of noise {unknown}
 h - a scroll of identify {unknown}
 j - a scroll of random uselessness {unknown}
Potions
 d - a potion of might
 e - a potion of invisibility {unknown}
Comestibles
 f - 5 rations


   Skills:
 + Level 3.2 Fighting
 + Level 2.2 Axes
 + Level 3.0 Armour
 + Level 0.2 Dodging
 + Level 3.1 Shields


You had 2 spell levels left.
You didn't know any spells.

Dungeon Overview and Level Annotations

Branches:
Dungeon (1/15)

Altars:


Innate Abilities, Weirdness & Mutations

You have a somewhat thin skeletal structure. (Dex +2, Stealth)
When hurt, damage is shared between your health and your magic reserves.


Message History

There is an open door here.
There is an open door here.
Key pressed, stopping explore.
There is an open door here.
There is a large open door here.
You open the door.
There is an open door here.
Partly explored, can't reach some places.
No target in view!
No target in view!
No target in view!
No target in view!
No target in view!
No target in view!
Partly explored, can't reach some places.
Partly explored, can't reach some places.
There is an open door here.
There is a staircase leading out of the dungeon here.
Are you sure you want to leave the Dungeon?
This will make you lose the game!
You have escaped!

.# #...# ##......###..#.#..... .#
#...# ##..#######.....#..### .#
#...# #..## ##...P....###
.#####...###.#######P#...♣.......
.+...'..[##..###P.'.♣#.♣...##..#.
.#####...##.###P♣.#P.#.P♣..###.#.
.# #.###.####P..####.....###...
.#####.###.#P♣#P..P#.P......##...
...........'.P#♣@..'......P.##...
.......##..'.P#P...'...♣.♣.......
.(.....##..#P♣#♣...#...P.P...##..
.......###.####♣..####......###..
.......# ##.###PP.#.P#......# #..
.......# #..###P.'..#.♣....# #..
.......# ##.#######♣#...♣.## #..
.......# #..## #P.P♣.# #..
.......# ##..#######P...#####..


There were no monsters in sight!

Vanquished Creatures
  An ooze (D:1)
  A dart slug (D:1)
  3 leopard geckos (D:1)
  5 goblins (D:1)
  A hobgoblin (D:1)
  3 jackals (D:1)
  3 kobolds (D:1)
  A ball python (D:1)
  4 bats (D:1)
  2 frilled lizards (D:1)
  6 rats (D:1)
30 creatures vanquished.

Notes
Turn   | Place    | Note
-------+----------+-------------------------------------------
     0 | D:1      | Kairos the Demonspawn Fighter began the quest for the Orb.
     0 | D:1      | Reached XP level 1. HP: 18/18 MP: 1/1
   460 | D:1      | Gained mutation: When hurt, damage is shared between your health and your magic reserves. [demonic ancestry]
   460 | D:1      | Reached XP level 2. HP: 21/24 MP: 2/2
   808 | D:1      | Gained mutation: You have a somewhat thin skeletal structure. (Dex +2, Stealth) [demonic ancestry]
   808 | D:1      | Reached XP level 3. HP: 26/29 MP: 3/3
  1116 | D:$      | Got out of the dungeon alive.

Skill      XL: |  1  2 |
---------------+-------+-----
Shields        | 3 |  3.1
Armour         | 3 |  3.0
Axes           | 2 |  2.2
Fighting       | |  3.2
Dodging        | |  0.2

Action                   || total
-------------------------++-------
Melee: War axe           ||    84
Armor: Scale mail        ||    65
Dodge: Dodged            ||    21
Block: Shield            ||    48
